 Dungeon Crawl Stone Soup version 0.32-a0-355-ged53ad6fd3 (webtiles) character file.

Game seed: 11758454498237071150

296251 Kenran the Wrestler (level 20, -1/136 HPs)
             Began as a Gargoyle Reaver on Feb 17, 2024.
             Was an Initiate of Gozag.
             Slain by a frost giant
             ... wielding a +0 battleaxe of freezing
              (11 damage)
             ... on level 4 of the Vaults on Feb 18, 2024.
             The game lasted 01:27:55 (44319 turns).

Kenran the Wrestler (Gargoyle Reaver)              Turns: 44319, Time: 01:27:56

Health: -1/136     AC: 54    Str: 23    XL:     20   Next: 90%
Magic:  23/23      EV:  7    Int: 16    God:    Gozag
Gold:   5447       SH: 17    Dex:  8    Spells: 22/23 levels left

rFire   + +          +
                       - Unarmed
rCold   + . .        f - +0 tower shield "Zueh" {rF+}
rNeg    + . .        t - +8 plate armour "Wuoburul" {rC+ Slay+3}
rPois   ∞            y - +2 helmet {SInv}
rElec   +            k - +2 cloak of the Sparrow {rF+ Regen+}
rCorr   .            R - +0 pair of gloves of the Wilderness {rElec Regen+}
SInv    +            m - +2 pair of boots
Will    ++...        (no amulet) Stlth
                     g - ring of protection from fire
HPRegen 2.02/turn    B - ring of willpower
MPRegen 0.18/turn

%: no passive effects
@: flying, studying 3 skills
A: sickness immunity, AC +15, big wings, negative energy resistance 1,
electricity resistance, torment resistance 1, petrification resistance
}: 2/15 runes: barnacled, gossamer
a: Renounce Religion, Potion Petition, Call Merchant, Bribe Branch


You were on level 4 of the Vaults.
You worshipped Gozag.
Gozag was greatly pleased with you.
You visited 7 branches of the dungeon, and saw 35 of its levels.
You also visited: Sewer, Ossuary and Ice Cave.

You collected 15740 gold pieces.
You spent 4011 gold pieces at shops.
You paid 6282 gold pieces to Gozag.

Inventory:

Missiles
 H - 8 throwing nets
Armour
 f - the +0 tower shield "Zueh" (worn) {rF+}
   (You bought it in a shop on level 2 of the Orcish Mines)

   rF+:       It protects you from fire.
 k - the +2 cloak of the Sparrow (worn) {rF+ Regen+}
   (You acquired it on level 2 of the Orcish Mines)

   rF+:       It protects you from fire.
   Regen+:    It increases your rate of health regeneration.
 m - a +2 pair of boots (worn)
 t - the +8 plate armour "Wuoburul" (worn) {rC+ Slay+3}
   (You bought it in a shop on level 2 of the Orcish Mines)

   Slay+3:    It affects your accuracy & damage with ranged weapons and melee
   (+3).
   rC+:       It protects you from cold.
 y - a +2 helmet of see invisible (worn)
 R - the +0 pair of gloves of the Wilderness (worn) {rElec Regen+}
   (You bought it in a shop on level 3 of the Shoals)

   rElec:     It insulates you from electricity.
   Regen+:    It increases your rate of health regeneration.
Jewellery
 g - a ring of protection from fire (left hand)
 p - a ring of fire
 B - a ring of willpower (right hand)
 S - a ring of positive energy
Wands
 a - a wand of quicksilver (25)
 r - a wand of digging (4)
 s - a wand of polymorph (28)
 u - a wand of flame (52)
 x - a wand of charming (30)
 J - a wand of iceblast (8)
 L - a wand of mindburst (6)
Scrolls
 c - 13 scrolls of teleportation
 e - 7 scrolls of immolation {!r}
 h - 2 scrolls of silence
 l - 8 scrolls of identify {@r1}
 o - 7 scrolls of fog
 q - 10 scrolls of revelation
 A - 7 scrolls of poison
 I - 3 scrolls of fear
 K - 4 scrolls of enchant armour
 V - 3 scrolls of blinking
Potions
 b - 3 potions of mutation {!q}
 d - 3 potions of cancellation
 i - a potion of berserk rage {!q}
 j - 10 potions of curing {@q1}
 n - 10 potions of attraction {!q}
 z - 3 potions of heal wounds {@q2}
 C - 6 potions of enlightenment
 F - 8 potions of might
 G - 9 potions of ambrosia
 P - a potion of resistance
 Q - 2 potions of haste
 T - 6 potions of magic
Miscellaneous
 v - a phial of floods (inert)
 w - a tin of tremorstones (2/2)
 D - a phantom mirror
 N - a lightning rod (2/4)


   Skills:
 + Level 18.0 Fighting
 - Level 17.0 Armour
 - Level 1.5 Dodging
 - Level 16.0 Shields
 + Level 24.7 Unarmed Combat
 - Level 2.0 Spellcasting
 - Level 3.2 Conjurations
 - Level 7.0 Evocations


You had 22 spell levels left.
You knew the following spells:

 Your Spells              Type           Power      Damage    Failure   Level
a - Kiss of Death         Conj/Necr      24%        2d7       88%         1

Your spell library contained the following spells:

 Spells                   Type           Power      Damage    Failure   Level
 Foxfire                  Conj/Fire      24%        2x1d5     88%         1
 Shock                    Conj/Air       24%        1d4       88%         1
 Momentum Strike          Conj/Tloc      12%        3d8       95%         2
 Apportation              Tloc           2%         N/A       98%         1
 Freeze                   Ice            4%         1d3       98%         1
 Necrotise                Necr           4%         1d4       98%         1
 Slow                     Hex            4%         N/A       98%         1
 Call Imp                 Summ           2%         N/A       99%         2
 Ensorcelled Hibernation  Hex/Ice        2%         N/A       99%         2
 Jinxbite                 Hex            2%         N/A       99%         2
 Lesser Beckoning         Tloc           2%         N/A       99%         2
 Hailstorm                Conj/Ice       6%         3d5       99%         3
 Stone Arrow              Conj/Erth      12%        3d7       99%         3
 Confusing Touch          Hex            1%         N/A       100%        3
 Frozen Ramparts          Ice            2%         1d1       100%        3
 Fugue of the Fallen      Necr           1%         N/A       100%        3
 Gell's Gravitas          Tloc           1%         N/A       100%        3
 Sigil of Binding         Hex            1%         N/A       100%        3
 Summon Ice Beast         Ice/Summ       1%         N/A       100%        3
 Swiftness                Air            1%         N/A       100%        3
 Teleport Other           Tloc           1%         N/A       100%        3
 Tukima's Dance           Hex            1%         N/A       100%        3
 Vampiric Draining        Necr           1%         2d6       100%        3
 Airstrike                Air            0%         2d(1-17)  100%        4
 Anguish                  Hex/Necr       0%         N/A       100%        4
 Animate Armour           Summ/Erth      2%         N/A       100%        4
 Dimensional Bullseye     Hex/Tloc       0%         N/A       100%        4
 Iskenderun's Mystic Bla  Conj/Tloc      6%         2d4       100%        4
 Leda's Liquefaction      Alch/Erth      0%         N/A       100%        4
 Martyr's Knell           Necr/Summ      1%         N/A       100%        4
 Olgreb's Toxic Radiance  Alch           1%         N/A       100%        4
 Petrify                  Alch/Erth      1%         N/A       100%        4
 Alistair's Intoxication  Alch           0%         N/A       100%        5
 Curse of Agony           Necr           1%         N/A       100%        5
 Metabolic Englaciation   Hex/Ice        0%         N/A       100%        5
 Summon Forest            Summ/Tloc      0%         N/A       100%        5
 Summon Mana Viper        Hex/Summ       1%         N/A       100%        5
 Dispersal                Tloc           0%         N/A       100%        6
 Plasma Beam              Fire/Air       0%         2x1d10    100%        6
 Sculpt Simulacrum        Ice/Alch       0%         N/A       100%        6
 Starburst                Conj/Fire      3%         6d3       100%        6
 Summon Cactus Giant      Summ           0%         N/A       100%        6
 Ozocubu's Refrigeration  Ice            0%         4d7       100%        7
 Summon Hydra             Summ           0%         N/A       100%        7
 Discord                  Hex            0%         N/A       100%        8
 Lehudib's Crystal Spear  Conj/Erth      3%         10d2      100%        8
 Sublimation of Blood     Necr           Unusable   N/A       N/A         2

Dungeon Overview and Level Annotations

Branches:
Dungeon (15/15)            Temple (1/1) D:7            Lair (5/5) D:9
 Shoals (4/4) Lair:2       Spider (4/4) Lair:2        Slime (0/5) Lair:5
    Orc (2/2) D:9             Elf (0/3) Orc:2        Vaults (4/5) D:13
  Crypt (0/3) Vaults:2     Depths (0/4) D:15          Sewer (visited)
Ossuary (visited)           IceCv (visited)

Altars:
Ashenzari
Cheibriados
Dithmenos
Elyvilon
Fedhas
Gozag
Hepliaklqana
Kikubaaqudgha
Makhleb
Nemelex Xobeh
Okawaru
Qazlal
Ru
Sif Muna
Trog
Uskayaw
Vehumet
Wu Jian
Xom
Yredelemnul
Zin
The Shining One
Beogh

Shops:
Orc:2 *(=[[?   Lair:1 !   Shoals:3 *[[   Vaults:3 (

Annotations:
D:4 2 runed translucent doors, tensugalgo's ghost, amateur OnBe
D:9 3 runed translucent doors, ballabu's ghost, novice DsBe
D:12 3 runed translucent doors
D:13 2 transporters, Xelikh's ghost, journeyman SpDe
Spider:3 2 transporters, exclusion: orange crystal statue


Innate Abilities, Weirdness & Mutations

You are immune to sickness and miasma.
Your stone body is resilient. (AC +15)
You are immune to poison.
Your large and strong wings let you fly.
You resist negative energy. (rN+)
You are resistant to electric shocks. (rElec)
You are resistant to unholy torment.
You are immune to petrification.


Message History

The frost giant is moderately wounded.
The deep troll is no longer distracted by gold.
The frost giant gestures at you while chanting.
The bolt of cold misses you.
You hear a shout!
You pummel the frost giant!!
The frost giant is heavily wounded.
Strange energies crackle from the ironbound thunderhulk's apparatus.
The ironbound thunderhulk blinks!
You punch the frost giant!
The frost giant is severely wounded.
The frost giant hits you with a +0 battleaxe of freezing!!
* * * LOW HITPOINT WARNING * * *
You hit the frost giant but do no damage.
The frost giant is severely wounded.
A vault sentinel comes into view. It is wielding a +0 morningstar.
The vault sentinel blows a loud note on a signal horn!
You block the frost giant's attack.
You hear a shout!
Okay, then.
The ironbound thunderhulk hits you but does no damage.
The vault sentinel points at you and mumbles some strange words.
You struggle to resist.
You hear a shout!
A yaktaur comes into view.
The yaktaur shouts!
The ironbound thunderhulk closely misses you.
The vault sentinel blows a loud note on a signal horn!
The frost giant attacks as it pursues you!
The frost giant hits you with a +0 battleaxe of freezing!!
* * * LOW HITPOINT WARNING * * *
The frost giant freezes you.
* * * LOW HITPOINT WARNING * * *
The yaktaur wields a +0 arbalest.
The yaktaur shoots a bolt.
The bolt hits you but does no damage.
There is a stone staircase leading up here.
The ironbound thunderhulk hits you but does no damage.
The frost giant hits you with a +0 battleaxe of freezing!
You die...
Your body crumbles into a pile of gold.

▓▓▓▓▓▓▓▓▓▓
▓........▓
▓........▓
▓..@.....▓
▓▓▓▓▓▓.CO.....▓
....▓..T.p...▓
▓..▓T.......▓
▓▓.[▓.......c▓
▓).$p........'.
.
▓▓▓pp▓▓▓▓▓▓▓▓▓▓▓
....▓.▓p.▓
▓pp...$.▓


You could see a frost giant (strong), a vault warden, an ironbound thunderhulk,
2 deep trolls, 3 vault sentinels and a yaktaur.

Vanquished Creatures
  Saint Roka (Orc:2)
  Arachne (Spider:2)
  3 sphinxes
  Gastronok (Lair:1)
  Polyphemus (Shoals:1)
  Ilsuiw (Shoals:2)
  A fire giant (D:15)
  7 emperor scorpions
  10 vault wardens
  4 ghost moths (Spider:4)
  12 ironbound preservers
  3 orc warlords
  A broodmother (Spider:2)
  2 formless jellyfish
  A reaper (IceCv)
  A vampire knight (Vaults:2)
  3 war gargoyles (Vaults:1)
  20 dire elephants
  14 merfolk impalers
  Josephine (D:13)
  6 merfolk javelineers
  9 entropy weavers
  2 fire dragons
  3 crystal guardians
  4 great orbs of eyes
  2 hydras
  Fannar (Lair:1)
  An ice dragon (Lair:5)
  7 yaktaur captains
  Erolcha (D:12)
  3 vault guards (Vaults:3)
  3 ogre magi (D:15)
  3 merfolk avatars
  2 catoblepae
  A radroach (Spider:3)
  5 ironbound frosthearts
  2 peacekeepers
  9 boulder beetles
  16 centaur warriors
  20 two-headed ogres
  2 death knights
  A satyr (Shoals:4)
  An orc high priest (Orc:2)
  9 death yaks
  A merfolk aquamancer (Shoals:4)
  4 demonic crawlers
  3 tengu warriors (D:15)
  A vampire mage (Vaults:2)
  A skyshark (Shoals:1)
  A sun demon (D:12)
  5 skeletal warriors (D:15)
  2 pharaoh ants
  8 sea snakes
  A flayed ghost (Vaults:2)
  A death drake (shapeshifter) (D:15)
  A swamp dragon (Lair:5)
  A sun moth (Spider:3)
  6 arcanists
  A glowing orange brain (Vaults:2)
  10 orb spiders
  29 deep trolls
  4 steelbarb worms
  A lindwurm (Lair:5)
  9 ironbound convokers
  6 harpies
  19 ugly things
  A harpy (shapeshifter) (D:15)
  2 deep elf pyromancers (D:15)
  A phantasmal warrior (Vaults:2)
  A shining eye (shapeshifter) (D:15)
  10 wolf spiders
  10 manticores
  A necromancer (Vaults:1)
  9 orc knights
  5 orc sorcerers
  7 elephants
  9 cyclopes
  5 moths of wrath
  9 meliai
  3 black mambas
  8 merfolk sirens
  A rust devil (D:12)
  6 kobold blastminers
  16 vault sentinels
  An ice statue (IceCv)
  2 gargoyles
  An orange demon (D:12)
  14 water nymphs
  13 cane toads
  2 cane toads (shapeshifter) (D:15)
  7 torpor snails
  A stone giant skeleton (Vaults:1)
  3 unseen horrors
  3 efreet (D:15)
  30 yaktaurs
  6 rime drakes (Lair:5)
  11 komodo dragons
  An anaconda simulacrum (IceCv)
  A tengu conjurer (D:12)
  3 polar bears
  27 merfolk
  8 trolls
  A tarantella (shapeshifter) (D:15)
  11 hornets
  16 tarantellas
  2 glass eyes (D:13)
  A raiju (shapeshifter) (D:15)
  8 wind drakes
  4 tyrant leeches (Lair:5)
  12 dream sheep
  4 snapping turtles
  A human simulacrum (Vaults:1)
  19 blink frogs
  20 jumping spiders
  A slime creature (shapeshifter) (D:15)
  29 slime creatures
  A centaur simulacrum (D:14)
  2 shadows
  16 culicivoras
  7 air elementals (Shoals:4)
  5 wraiths
  3 wyverns
  2 vampires
  50 yaks
  19 water elementals
  A wyvern (shapeshifter) (D:13)
  16 humans (D:12)
  59 redbacks
  An elf skeleton (Vaults:1)
  4 steam dragons
  7 vampire mosquitoes
  8 basilisks
  4 wargs
  3 death yak simulacra (IceCv)
  A redback (shapeshifter) (D:15)
  4 acid dragons
  A swamp worm (shapeshifter) (D:15)
  A harpy simulacrum (IceCv)
  10 water moccasins
  A hydra simulacrum (IceCv)
  Pargi (Sewer)
  29 orc warriors
  2 swamp drakes (Lair:5)
  2 ice beasts
  8 laughing skulls
  4 black bears
  A black bear (shapeshifter) (D:15)
  A sky beast (D:5)
  17 centaurs
  12 ogres
  A boggart (Vaults:1)
  11 wolves
  A tengu (shapeshifter) (D:15)
  A phantom (D:6)
  A brain worm (Sewer)
  3 kobold brigands
  Blork the orc (Orc:2)
  12 bullfrogs
  2 gnoll sergeants
  3 scorpions
  2 cane toad simulacra (IceCv)
  10 wights
  5 two-headed ogre simulacra (IceCv)
  3 howler monkeys
  7 electric eels
  3 bombardier beetles
  10 jellies
  A gnoll bouda (D:6)
  3 hounds
  A quasit (D:12)
  14 orc priests
  5 iguanas
  A sleepcap (D:5)
  Ijyb (D:4)
  27 orc wizards
  5 spriggan simulacra (IceCv)
  5 troll simulacra (IceCv)
  2 wolf simulacra (IceCv)
  2 polar bear simulacra (IceCv)
  2 mummies (D:4)
  19 gnolls
  5 adders
  4 naga simulacra (IceCv)
  A river rat (D:3)
  A shadow imp (D:7)
  11 white imps
  15 ufetubi
  2 adder skeletons (D:2)
  An adder zombie (D:2)
  A ribbon worm (D:3)
  92 orcs
  A bat skeleton (D:2)
  A bat zombie (D:2)
  13 endoplasms
  6 giant cockroaches
  3 goblins
  2 hobgoblins
  2 jackals (D:3)
  21 kobolds
  4 quokkas
  9 ball pythons
  A ball python skeleton (D:2)
  10 bats
  3 frilled lizards
  A gnoll zombie (Ossuary)
  2 hobgoblin zombies (Ossuary)
  A jackal skeleton (D:2)
  2 kobold zombies (Ossuary)
  2 orc zombies (Ossuary)
  A quokka skeleton (D:2)
  3 rats
1371 creatures vanquished.

Vanquished Creatures (collateral kills)
  Mlioglotl (Shoals:1)
  A storm dragon (Shoals:4)
  A ghost moth (Spider:3)
  A merfolk javelineer (Shoals:4)
  A sea snake (Shoals:1)
  An orb spider (Spider:3)
  A tarantella (Spider:3)
7 creatures vanquished.

Vanquished Creatures (others)
  An ogre mage (Orc:2)
  An orc wizard (D:9)
2 creatures vanquished.

Grand Total: 1380 creatures vanquished

Notes
Turn   | Place    | Note
-------+----------+-------------------------------------------
     0 | D:1      | Kenran the Gargoyle Reaver began the quest for the Orb.
     0 | D:1      | Reached XP level 1. HP: 12/12 MP: 3/3
   210 | D:1      | Reached XP level 2. HP: 17/17 MP: 5/5
   488 | D:1      | Reached skill level 4 in Unarmed Combat
   613 | D:1      | Reached XP level 3. HP: 21/21 MP: 6/6
   923 | D:2      | Reached XP level 4. HP: 22/26 MP: 7/7
  1093 | D:2      | Reached skill level 5 in Unarmed Combat
  1432 | D:3      | Reached XP level 5. HP: 30/30 MP: 8/8
  1654 | D:3      | Found a glowing drain.
  1703 | Sewer    | Entered a sewer
  1731 | Sewer    | Reached skill level 6 in Unarmed Combat
  1772 | Sewer    | Noticed Pargi
  1776 | Sewer    | Reached XP level 6. HP: 35/35 MP: 9/9
  1793 | Sewer    | Killed Pargi
  1794 | Sewer    | Reached skill level 7 in Unarmed Combat
  2564 | D:4      | Reached XP level 7. HP: 27/40 MP: 10/10
  2604 | D:4      | Found a runed translucent door.
  2608 | D:4      | Noticed tensugalgo's ghost (amateur OnBe)
  2629 | D:4      | Noticed Ijyb
  2641 | D:4      | Killed Ijyb
  2693 | D:4      | Found a sand-covered staircase.
  2698 | Ossuary  | Entered an ossuary
  3141 | D:4      | Found a runed translucent door.
  3276 | D:4      | Reached skill level 8 in Unarmed Combat
  3394 | D:5      | Entered Level 5 of the Dungeon
  3570 | D:5      | Reached skill level 9 in Unarmed Combat
  3678 | D:5      | Reached XP level 8. HP: 42/44 MP: 11/11
  3700 | D:5      | Noticed a vampire
  3707 | D:5      | Killed a vampire
  3832 | D:5      | Reached skill level 10 in Unarmed Combat
  3847 | D:5      | Found a sparkling altar of Nemelex Xobeh.
  3855 | D:5      | Found a basalt altar of Yredelemnul.
  3908 | D:5      | Found a stormy altar of Qazlal.
  4386 | D:5      | Reached skill level 5 in Fighting
  4428 | D:5      | Reached XP level 9. HP: 53/55 MP: 12/12
  4435 | D:6      | Reached skill level 1 in Armour
  4960 | D:6      | Reached skill level 5 in Armour
  5547 | D:7      | Reached skill level 11 in Unarmed Combat
  5778 | D:7      | Found a staircase to the Ecumenical Temple.
  6154 | D:7      | Found a white marble altar of Elyvilon.
  6315 | Temple   | Entered the Ecumenical Temple
  6325 | Temple   | Became a worshipper of Gozag Ym Sagoz the Greedy
  6372 | D:7      | Reached skill level 12 in Unarmed Combat
  6372 | D:7      | Reached XP level 10. HP: 60/60 MP: 13/13
  6729 | D:7      | Reached skill level 13 in Unarmed Combat
  7725 | D:8      | Found a roughly hewn altar of Beogh.
  7725 | D:8      | Found the +7 staff of the Meek {protect, meekguard}
  8186 | D:9      | Noticed an elephant
  8214 | D:9      | Killed an elephant
  8317 | D:9      | Found a staircase to the Lair.
  8335 | D:9      | Found a runed translucent gate.
  8335 | D:9      | Found a runed translucent gate.
  8336 | D:9      | Found a runed translucent gate.
  8538 | D:9      | Noticed a death yak
  8558 | D:9      | Reached XP level 11. HP: 71/72 MP: 14/14
  8565 | D:9      | Reached skill level 10 in Fighting
  8573 | D:9      | Killed a death yak
  8721 | D:9      | HP: 2/72 [orc warrior/+0 war axe (4)]
  9392 | D:9      | Found a staircase to the Orcish Mines.
  9489 | D:9      | Noticed ballabu's ghost (novice DsBe)
  9706 | D:10     | Entered Level 10 of the Dungeon
 10403 | D:10     | Found an ancient bone altar of Kikubaaqudgha.
 11023 | D:11     | Noticed a red ugly thing
 11145 | Lair:1   | Entered Level 1 of the Lair of Beasts
 11237 | Lair:1   | Reached skill level 10 in Armour
 11237 | Lair:1   | Reached skill level 1 in Shields
 11801 | Lair:1   | Reached skill level 5 in Shields
 12200 | Lair:2   | Noticed a death yak
 12200 | Lair:2   | Noticed a death yak
 12200 | Lair:2   | Noticed a death yak
 12200 | Lair:2   | Noticed a death yak
 12200 | Lair:2   | Noticed a death yak
 12200 | Lair:2   | Noticed a death yak
 12213 | Lair:1   | Killed a death yak
 12282 | Lair:2   | Noticed Fannar
 12292 | Lair:1   | Killed Fannar
 12293 | Lair:1   | Reached XP level 12. HP: 49/77 MP: 15/15
 12639 | Lair:2   | Noticed Gastronok
 12651 | Lair:2   | Reached skill level 14 in Unarmed Combat
 13050 | Lair:1   | Killed a death yak
 13051 | Lair:1   | Reached skill level 15 in Unarmed Combat
 13059 | Lair:1   | Killed a death yak
 13114 | Lair:1   | Bought a potion of heal wounds for 80 gold pieces
 13114 | Lair:1   | Bought a potion of berserk rage for 80 gold pieces
 13114 | Lair:1   | Bought a potion of resistance for 160 gold pieces
 13114 | Lair:1   | Bought 2 potions of curing for 96 gold pieces
 13114 | Lair:1   | Bought a potion of curing for 48 gold pieces
 13114 | Lair:1   | Bought a potion of curing for 48 gold pieces
 13169 | Lair:1   | Killed Gastronok
 13544 | Lair:2   | Killed a death yak
 13557 | Lair:2   | Killed a death yak
 13569 | Lair:2   | Killed a death yak
 14011 | Lair:2   | Found a staircase to the Shoals.
 14188 | Lair:2   | Found a hole to the Spider Nest.
 14867 | Lair:3   | Reached XP level 13. HP: 84/84 MP: 16/16
 15966 | Lair:4   | Found a frozen archway.
 16043 | IceCv    | Entered an ice cave
 16758 | IceCv    | Noticed a reaper
 16779 | IceCv    | Killed a reaper
 16868 | IceCv    | Identified the staff of the Keeping Owl {Str+2 Stlth+ Conj}
 17649 | Lair:4   | Reached skill level 16 in Unarmed Combat
 18166 | Lair:5   | Entered Level 5 of the Lair of Beasts
 18569 | Lair:5   | Found a staircase to the Slime Pits.
 18823 | Lair:5   | Gained mutation: Your large and strong wings let you fly.
                  | [Gargoyle growth]
 18823 | Lair:5   | Reached XP level 14. HP: 63/96 MP: 17/17
 19047 | Lair:5   | Reached skill level 17 in Unarmed Combat
 19914 | Lair:5   | Reached skill level 18 in Unarmed Combat
 21629 | D:12     | Noticed Erolcha
 21640 | D:12     | Found a runed translucent gate.
 21640 | D:12     | Found a runed translucent gate.
 21640 | D:12     | Found a runed translucent gate.
 21653 | D:12     | Killed Erolcha
 22099 | D:12     | Reached skill level 19 in Unarmed Combat
 22695 | D:13     | Found a gate to the Vaults.
 22763 | D:12     | Reached XP level 15. HP: 80/100 MP: 18/18
 23381 | D:13     | Reached skill level 15 in Fighting
 23584 | D:13     | Found a transporter.
 23589 | D:13     | Found a transporter.
 23652 | D:13     | Noticed Josephine
 23678 | D:13     | Killed Josephine
 23862 | D:13     | Noticed Xelikh's ghost (journeyman SpDe)
 25175 | D:14     | Upgraded the game from 0.32-a0-338-g4f8ebfe289 to
                  | 0.32-a0-355-ged53ad6fd3
 25186 | D:15     | Entered Level 15 of the Dungeon
 25280 | D:15     | Found a broken altar of Ashenzari.
 25347 | D:15     | Identified the +1 buckler of Pomaseo {rCorr}
 25564 | D:15     | Found a staircase to the Depths.
 25642 | D:15     | Noticed a sphinx
 25649 | D:15     | Killed a sphinx
 25650 | D:15     | Reached skill level 15 in Armour
 25714 | D:15     | Reached XP level 16. HP: 62/110 MP: 19/19
 27048 | D:15     | Found the +16 obsidian axe {drain, demonic, Mesm ^Drain Fly
                  | SInv}
 27095 | D:15     | Identified the +7 dagger "Hoginuxt" {venom, Stlth+}
 27358 | D:15     | Identified the +0 ring mail "Kiyzuku" {Rampage rC+++ Int+2
                  | Dex-3}
 28448 | Orc:1    | Entered Level 1 of the Orcish Mines
 28752 | Orc:2    | Entered Level 2 of the Orcish Mines
 28974 | Orc:2    | Noticed Saint Roka
 29473 | Orc:2    | Killed Saint Roka
 29751 | Orc:2    | Reached skill level 20 in Unarmed Combat
 29881 | Orc:2    | Bought a scroll of acquirement for 832 gold pieces
 29881 | Orc:2    | Bought a scroll of identify for 32 gold pieces
 29881 | Orc:2    | Bought a scroll of identify for 32 gold pieces
 29881 | Orc:2    | Acquired the +2 cloak of the Sparrow {rF+ Regen+}
 29897 | Orc:2    | Bought the +8 plate armour "Wuoburul" {rC+ Slay+3} for 1433
                  | gold pieces
 29982 | Orc:2    | Noticed Blork the orc
 30018 | Orc:2    | Killed Blork the orc
 30416 | Orc:1    | Reached skill level 1 in Evocations
 30443 | Orc:1    | Reached XP level 17. HP: 110/119 MP: 20/20
 30531 | Orc:2    | Found a roughly hewn altar of Beogh.
 30536 | Orc:2    | Found Jung's Antique Armour Shoppe.
 30595 | Orc:2    | Bought a brightly glowing tower shield for 294 gold pieces
 30595 | Orc:2    | Identified the +0 tower shield "Zueh" {rF+} (You bought it
                  | in a shop on level 2 of the Orcish Mines)
 30595 | Orc:2    | Bought a masterwork buckler for 294 gold pieces
 30595 | Orc:2    | Identified the -2 buckler of Guuwet {rPois} (You bought it
                  | in a shop on level 2 of the Orcish Mines)
 30604 | Orc:2    | Found Zuiloana's General Store.
 30612 | Orc:2    | Bought a potion of might for 68 gold pieces
 30627 | Orc:2    | Found a staircase to the Elven Halls.
 30808 | Orc:2    | Found Riyfam's Antique Weapon Shoppe.
 30822 | Orc:2    | Found Nisem's Jewellery Shoppe.
 31023 | Spider:1 | Entered Level 1 of the Spider Nest
 32003 | Spider:2 | Noticed Arachne
 32041 | Spider:2 | Killed Arachne
 33316 | Spider:3 | Reached skill level 5 in Evocations
 33443 | Spider:3 | Found a transporter.
 33459 | Spider:3 | Found a transporter.
 33965 | Spider:4 | Entered Level 4 of the Spider Nest
 34608 | Spider:4 | Identified the +1 plate armour of Nemelex Xobeh's Fury
                  | {Rampage +Blink Will- Dex+4}
 34964 | Spider:4 | Reached XP level 18. HP: 108/125 MP: 0/21
 35168 | Spider:4 | Reached skill level 10 in Shields
 35508 | Spider:4 | Got a gossamer rune of Zot
 36135 | Shoals:1 | Entered Level 1 of the Shoals
 36951 | Shoals:2 | Noticed Ilsuiw
 36981 | Shoals:2 | Killed Ilsuiw
 36982 | Shoals:2 | Reached skill level 21 in Unarmed Combat
 37049 | Shoals:2 | Noticed Mlioglotl
 37076 | Shoals:2 | Noticed Polyphemus
 37092 | Shoals:1 | Killed Mlioglotl
 37191 | Shoals:1 | Killed Polyphemus
 38481 | Shoals:3 | Reached skill level 22 in Unarmed Combat
 38848 | Shoals:3 | Bought a pair of glowing gloves for 277 gold pieces
 38854 | Shoals:3 | Bought a pair of steaming gloves for 237 gold pieces
 38854 | Shoals:3 | Identified the +0 pair of gloves of the Wilderness {rElec
                  | Regen+} (You bought it in a shop on level 3 of the Shoals)
 38868 | Shoals:4 | Entered Level 4 of the Shoals
 39059 | Shoals:4 | Identified the +0 robe of Biss {rC+}
 39088 | Shoals:4 | Reached XP level 19. HP: 36/130 MP: 22/22
 39161 | Shoals:4 | Got a barnacled rune of Zot
 39169 | Shoals:4 | Identified the +9 quarterstaff of Jugrin {flame, rF+ Int+5}
 39202 | Shoals:4 | Paralysed by an air elemental for 1 turns
 39219 | Shoals:4 | Paralysed by an air elemental for 1 turns
 39229 | Shoals:4 | Paralysed by an air elemental for 1 turns
 39241 | Shoals:4 | Paralysed by an air elemental for 1 turns
 39248 | Shoals:4 | Paralysed by an air elemental for 1 turns
 39547 | Shoals:4 | Paralysed by an air elemental for 1 turns
 39579 | Shoals:4 | Paralysed by an air elemental for 1 turns
 39590 | Shoals:4 | Paralysed by an air elemental for 1 turns
 39710 | Shoals:4 | Paralysed by an air elemental for 1 turns
 39713 | Shoals:4 | Paralysed by an air elemental for 1 turns
 39720 | Shoals:4 | Paralysed by an air elemental for 1 turns
 39724 | Shoals:4 | Paralysed by an air elemental for 1 turns
 40005 | Vaults:1 | Entered Level 1 of the Vaults
 40543 | Vaults:1 | Reached skill level 15 in Shields
 41590 | Vaults:2 | Acquired 369 gold pieces
 42041 | Vaults:2 | Reached XP level 20. HP: 127/136 MP: 23/23
 42556 | Vaults:2 | Reached skill level 23 in Unarmed Combat
 42702 | Vaults:2 | Found a staircase to the Crypt.
 43035 | Vaults:3 | Found Utifomp's Weapon Shop.
 43580 | Vaults:3 | Reached skill level 24 in Unarmed Combat
 44319 | Vaults:4 | Slain by a frost giant

Illustrated notes

Levels and vault maps discovered:
D:1:      erik_arrival_cave_to_civilisation [erik_arrival_cave_to_hall],
          layout_basic
D:2:      layout_rooms, serial_undead, serial_undead_f, serial_undead_c,
          serial_undead_a, serial_undead_f, serial_undead_b, serial_undead_a,
          amcnicky_mini_corridor_feature
D:3:      layout_basic, mainiacjoe_sewer_entry_somewhere_in_here_2
D:4:      layout_basic, enter_ossuary_5, ebering_ghost_sewer_f, uniq_ijyb
D:5:      wad_pebble_path, layout_rooms, grunt_temple_overflow_open,
          serial_library_hellmonk_hallway_b, minmay_misc_feat_four_crosses
D:6:      layout_cave_pools, minmay_large_rounded_square, minmay_checkerbox
D:7:      cheibrodos_two_vegetables, layout_cave_pools, elyvilon_altar_1,
          minmay_temple_entry_antechambers, minmay_holes
D:8:      layout_cave_pods, pf_guarded_unrand_meek
D:9:      layout_basic, david_lair_generic, david_orc_4,
          gammafunk_ghost_necromancy
D:10:     layout_basic, kiku_gazebo_garden_becter,
          minmay_misc_feat_secret_circle
D:11:     layout_loops_ring
D:12:     layout_cave_pods, ploomutoo_gammafunk_ghost_potion_laboratory,
          nicolae_demonic_statue_gallery, uniq_erolcha
D:13:     layout_loops_ring, david_vaults_3, gammafunk_ghost_stat_death,
          nicolae_concentric_dashed_squares_wild, onia_ninara_cookie,
          uniq_josephine
D:14:     layout_roguey, roderic_lattice_octagonal_star
D:15:     vault_1, layout_loops_corners, ashenzari_conservatory_becter
Temple:   sentei_temple_godly_chess
Lair:1:   layout_cave_pods, ldierk_geyser, chequers_serial_rivers_micro_d,
          grunt_megastairs_1
Lair:2:   layout_long_grid, minmay_shoals_entry_lonely_mermaid,
          spider_nest_entry_funnel_web, serial_bayou_shore_a,
          infiniplex_staircase_pool, grunt_megastairs_5, uniq_gastronok,
          uniq_fannar
Lair:3:   layout_concentric_octagons
Lair:4:   layout_regular_city, portal_ice_cave_entry_pillars_1
Lair:5:   guppyfry_lair_end_dragon, layout_cave_shapes, wormcave,
          nicolae_slime_entry_slimehenge
Shoals:1: layout_shoals, nicolae_shoals_so_close
Shoals:2: layout_shoals, uniq_mlioglotl, uniq_polyphemus, uniq_ilsuiw
Shoals:3: layout_shoals, nicolae_shoals_hunting_party
Shoals:4: shoals_end_hellmonk_storm_palace [storm_palace_center_ruins,
          storm_palace_corner_narrow, storm_palace_corner_reverse_hut,
          storm_palace_corner_grid, storm_palace_corner_pillars]
Spider:1: layout_spider_delve
Spider:2: layout_cave_pods, uniq_arachne
Spider:3: gammafunk_sealed_arena, hangedman_spider_tarantella_strand
Spider:4: spider_rune_water
Orc:1:    layout_caves
Orc:2:    grunt_orc_cross, layout_diamond_mine, uniq_saint_roka
Vaults:1: mu_enter_wizlab_4, nicolae_vaults_three_branches,
          hangedman_vaults_stitches, ontoclasm_vaults_loading_screen,
          nicolae_vaults_border_crossing, nicolae_vaults_mitosis,
          ontoclasm_vaults_ring_small, cheibrodos_statue_roulette,
          nicolae_vaults_layer_cake_slice, nicolae_vaults_two_Ls,
          hangedman_vaults_slice, nicolae_vaults_apartment_1, vaults_room_pools,
          layout_vaults_big_room
Vaults:2: minmay_crypt_entry_simple_round, vaults_room_boxed,
          nicolae_vaults_storage_room_water, nicolae_vaults_asterisk,
          hangedman_vaults_locks, nicolae_vaults_weapon_check,
          hangedman_vaults_unwind, vaults_mumra_chevron, ontoclasm_vaults_tryst,
          nicolae_vaults_alarming, vaults_dpeg_cross,
          nicolae_vaults_tetromino_T_2, vaults_standard_mumra_enter_the_diamond,
          nicolae_vaults_little_squares_2, layout_vaults_omnicross
Vaults:3: hangedman_vaults_variations, hangedman_vaults_capsules,
          vaults_room_fours, nicolae_vaults_tangram_2, v_misc_3,
          ontoclasm_vaults_bender, v_misc_8, serial_ice_b, v_rooms_6,
          ontoclasm_vaults_chip, nicolae_vaults_offset_grid_hallway_1,
          nicolae_vaults_little_squares_5, nicolae_vaults_little_ls,
          layout_vaults_omnibox, serial_shops, nicolae_shop_rolling_square
Vaults:4: ontoclasm_vaults_hangar, nicolae_vaults_network_quinsquares
          [nicolae_vaults_network_quincunx_subvault,
          nicolae_vaults_network_quincunx_subvault,
          nicolae_vaults_network_quincunx_subvault,
          nicolae_vaults_network_quincunx_subvault], grunt_vaults_hallway_long,
          nicolae_vaults_wrenched, nicolae_vaults_hexular_roomagon, v_misc_23,
          nicolae_vaults_little_guard_posts, ontoclasm_vaults_idyll,
          ontoclasm_vaults_loading_screen, vaults_room_fours,
          nicolae_vaults_closet_pinwheel_4, nicolae_vaults_tetromino_T_1,
          grunt_vaults_funnel, ontoclasm_vaults_idyll,
          ontoclasm_vaults_ligature, ontoclasm_vaults_pinch, layout_vaults_ring

Skill      XL: |  1  2  3  4  5  6  7  8  9 10 11 12 13 14 15 16 17 18 19 20 |
---------------+-------------------------------------------------------------+-----
Unarmed Combat | 4 5 6 7 9 10 12 13 15 16 19 20 22 24 | 24.7
Fighting       | 6 9 10 11 14 16 18 | 18.0
Armour         | 6 10 11 12 15 16 17 | 17.0
Shields        | 5 9 11 16 | 16.0
Evocations     | 1 6 7 |  7.0
Dodging        | |  1.5
Spellcasting   | |  2.0
Conjurations   | |  3.2

Action                     |  1- 3 |  4- 6 |  7- 9 | 10-12 | 13-15 | 16-18 | 19-21 || total
---------------------------+-------+-------+-------+-------+-------+-------+-------++-------
  Melee: Unarmed           |    72 |   200 |   387 |   820 |  1601 |  1897 |  1244 ||  6221
         Punch             |       |     3 |    21 |    36 |       |       |       ||    60
 Invoke: Call Merchant     |       |       |       |     1 |       |     5 |       ||     6
  Evoke: Wand              |       |       |     8 |       |       |     4 |       ||    12
         Lightning rod     |       |       |       |       |       |     3 |     4 ||     7
         Phantom mirror    |       |       |       |       |       |     1 |       ||     1
         Phial of floods   |       |       |       |       |       |       |     1 ||     1
    Use: Scroll            |     1 |     2 |     1 |     7 |     9 |    14 |     5 ||    39
         Potion            |       |     1 |     6 |     9 |     2 |     9 |       ||    27
   Stab: Distracted        |       |       |       |     1 |     6 |    15 |     8 ||    30
         Petrified         |       |       |       |       |    10 |       |       ||    10
 Armour: Leather armour    |     3 |       |       |       |       |       |       ||     3
         Scale mail        |    49 |   149 |   308 |   664 |   129 |       |       ||  1299
         Skin              |       |       |    47 |       |    12 |       |     9 ||    68
         Plate armour      |       |       |       |       |  1100 |  2263 |  1092 ||  4455
         Ice dragon scales |       |       |       |       |   100 |       |       ||   100
  Dodge: Dodged            |    33 |    93 |   184 |   361 |   412 |   521 |   209 ||  1813
  Block: Buckler           |       |       |       |    74 |   269 |   119 |       ||   462
         Tower shield      |       |       |       |       |       |  1150 |  1084 ||  2234

Table legend: (Time is in decaauts)
 A = Elapsed time spent in this place.
 B = Non-inter-level travel time spent in this place.
 C = Inter-level travel time spent in this place.
 D = Time resting spent in this place.
 E = Time spent auto-exploring this place.
 F = Levels seen in this place.
 G = Mean time per level.
                   A        B        C        D        E       F      G
               +--------+--------+--------+--------+--------+-----+--------+
         Total |  42968 |  40753 |   2215 |   9872 |  19870 |  38 | 1130.7 |
       Dungeon |  18145 |  17087 |   1058 |   4626 |   8301 |  15 | 1209.7 |
        Temple |     16 |     11 |      5 |      0 |      0 |   1 |   16.0 |
          Lair |   8798 |   8118 |    680 |   2732 |   3527 |   5 | 1759.6 |
        Shoals |   3604 |   3484 |    120 |    185 |   2147 |   4 |  901.0 |
   Spider Nest |   4970 |   4774 |    196 |    984 |   2410 |   4 | 1242.5 |
  Orcish Mines |   2355 |   2282 |     73 |    820 |    771 |   2 | 1177.5 |
        Vaults |   4010 |   3929 |     81 |    251 |   2427 |   4 | 1002.5 |
         Sewer |    167 |    167 |      0 |     56 |     29 |   1 |  167.0 |
       Ossuary |     35 |     35 |      0 |      0 |      1 |   1 |   35.0 |
      Ice Cave |    864 |    864 |      0 |    217 |    256 |   1 |  864.0 |
               +--------+--------+--------+--------+--------+-----+--------+

Top non-repeatable levels by time:
    D:15: 2962 daAuts
     D:9: 2163 daAuts
  Lair:2: 2106 daAuts
  Lair:1: 1974 daAuts
  Lair:5: 1946 daAuts
Spider:4: 1832 daAuts
  Lair:4: 1524 daAuts
Vaults:1: 1484 daAuts
    D:12: 1446 daAuts
Vaults:3: 1378 daAuts
   Orc:2: 1340 daAuts
     D:6: 1285 daAuts
     D:7: 1256 daAuts
  Lair:3: 1246 daAuts
Spider:3: 1193 daAuts
